Unix NetHack Version 5.0.0-0 post-release - last build Jul 19 2026 19:10:59 (3aa4ab31751d3886436d94b585a96704892fd477,branch:main).

Game began 2026-07-29 14:14:13, ended 2026-07-29 16:23:48.

Booker, lawful male human Knight

                                                        ----
                                                  -------..|
                                                 --........|
                                                 |.......---
                                          1      |-......|
                                                 |.......---
                                               1-#.AH......|
                                               -..@.&......|
                                            | --..G[2).0...|
                                            |.......--....--
                                            ----.#..|---.--
                                               ---h--  ---
Booker the Sergeant      St:17 Dx:10 Co:14 In:8 Wi:17 Ch:17  Lawful S:16544
Dlvl:9  $:0  HP:0(73) Pw:80(80) AC:-7 Xp:10/6482 T:8918 

Latest messages:
 The gnome shoots 2 crossbow bolts!
 The 1st crossbow bolt misses the barbed devil.
 The 1st crossbow bolt misses you.
 The 2nd crossbow bolt misses the barbed devil.
 The 2nd crossbow bolt misses you.
 You hit it.
 The storm giant hits!
 The Aleax swings his long sword.
 The Aleax misses!
 The Aleax swings his long sword.
 The Aleax misses!
 The Aleax kicks!
 The barbed devil hits!
 The barbed devil misses!
 The barbed devil just misses!
 It hits!
 The storm giant picks up 2 crossbow bolts.
 The Aleax swings his long sword.
 The Aleax misses!
 The Aleax swings his long sword.
 The Aleax hits!
 The Aleax misses!
 The barbed devil misses!
 The barbed devil hits!
 The barbed devil stings!
 The barbed devil misses!
 The barbed devil hits!
 The barbed devil stings!
 #
 You begin praying to Lugh.
 You are surrounded by a shimmering light.
 The storm giant starts to attack you, but pulls back.
 The barbed devil starts to attack you, but pulls back.
 The storm giant starts to attack you, but pulls back.
 The barbed devil starts to attack you, but pulls back.
 The storm giant starts to attack you, but pulls back.
 The Aleax starts to attack you, but pulls back.
 The barbed devil starts to attack you, but pulls back.
 You hear crashing rock.
 You finish your prayer.
 You feel that Lugh is well-pleased.
 Excalibur softly glows with a light blue aura.
 The crossbow bolt misses it.
 A crossbow bolt misses you.
 The crossbow bolt misses it.
 A crossbow bolt misses you.
 The storm giant picks up 2 crossbow bolts.
 It touches you!
 You're covered in frost!
 You die...

Inventory:
 Amulets  ('"')
  H - an uncursed amulet of reflection (being worn)
 Weapons  (')')
  a - the blessed rustproof +1 Excalibur (weapon in left hand)
 Armor    ('[')
  d - a blessed greased corroded +2 helmet (being worn)
  f - an uncursed +0 pair of leather gloves (being worn)
  R - an uncursed +0 pair of iron shoes (being worn)
  S - a blessed +2 dwarvish roundshield (being worn)
  J - a blessed greased fireproof +1 dwarvish cloak (being worn)
  U - a blessed +1 dwarvish mithril-coat (being worn)
 Comestibles  ('%')
  g - 3 uncursed apples
  h - 10 uncursed carrots
  u - 3 uncursed food rations
 Scrolls  ('?')
  x - an uncursed scroll of create monster
  D - an uncursed scroll of scare monster
 Potions  ('!')
  p - a blessed potion of see invisible
 Rings    ('=')
  N - an uncursed ring of warning (on left hand)
 Wands    ('/')
  w - an uncursed wand of cancellation (0:4)
  s - an uncursed wand of cold (0:3)
  c - an uncursed wand of create monster (0:10)
  P - a cursed wand of magic missile (0:5)
  m - an uncursed wand of make invisible (0:6)
  G - an uncursed wand of make invisible (0:3)
  j - a cursed wand of polymorph (0:6)
  z - a cursed wand of speed monster (0:3)
  A - an uncursed wand of striking (0:1)
  v - an uncursed wand of teleportation (0:4)
  t - an uncursed wand of undead turning (0:2)
 Tools    ('(')
  I - an uncursed can of grease (0:15)
  o - an uncursed oil lamp
  B - an uncursed oil lamp
  e - an uncursed +0 pick-axe
  Q - an uncursed skeleton key
  V - 2 uncursed tallow candles
  n - an uncursed +0 unicorn horn
 Gems/Stones  ('*')
  q - 2 uncursed chrysoberyl stones
  y - 2 uncursed opals
  Y - an uncursed ruby
  Z - an uncursed sapphire
  L - a cursed touchstone named touchstone

Booker the Knight's attributes:

Background:
 You were a Sergeant, a level 10 male human Knight.
 You were lawful, on a mission for Lugh
 who was opposed by Brigit (neutral) and Manannan Mac Lir (chaotic).
 You were left-handed.
 You were in the Gnomish Mines, on level 9.
 You entered the dungeon 8918 turns ago.
 There was a full moon in effect when your adventure ended.
 You had 6482 experience points, 3518 more were needed to attain level 11.
 Your score was 16544 before end-of-game adjustments.

Basics:
 You had 0 out of 73 hit points.
 You had all 80 energy points (spell power).
 Your armor class was -7.
 Your wallet was empty.
 Autopickup was off.

Final Characteristics:
 Your strength was 17 (limit:18/100).
 Your dexterity was 10 (limit:18).
 Your constitution was 14 (limit:18).
 Your intelligence was 8 (limit:18).
 Your wisdom was 17 (limit:18).
 Your charisma was 17 (limit:18).

Final Status:
 You weren't hungry.
 You were unencumbered.
 You were wielding a long sword.
 You had expert skill with long sword.

Final Attributes:
 You were piously aligned.
 You were fire resistant.
 Your items were somewhat protected from fire.
 Your items were somewhat protected from cold.
 You were poison resistant.
 You were level-drain resistant.
 You were telepathic.
 You were warned.
 You had automatic searching.
 You could jump.
 You were guarded.
 Your spell casting was impaired by metallic armor.
 You were fast.
 You had reflection.
 You were lucky.
 You are dead.

Miscellaneous:
 You disabled loading and storing of bones levels.
 Total elapsed playing time was 2 hours, 9 minutes and 34 seconds.

Major events:
 Turn
    1: Booker the lawful male human Knight entered the dungeon
 1498: attained the rank of Esquire (level 3)
 3282: was given Excalibur by the Lady of the Lake
 3342: entered Sokoban
 3766: completed 1st Sokoban level
 3833: attained the rank of Bachelor (level 6)
 4986: completed 2nd Sokoban level
 5312: completed 3rd Sokoban level
 5944: completed 4th Sokoban level
 6237: attained the rank of Sergeant (level 10)
 6244: acquired the Sokoban amulet of reflection
 7122: entered the Gnomish Mines
 7758: reached Mine Town
 8918: killed by an invisible arch-lich

Spells:
 Name                 Level Category     Fail Retention
 protection             1   clerical      86%   51%-75%
 knock                  1   matter       100%   51%-75%
 stone to flesh         3   healing      100%   51%-75%
 force bolt             1   attack       100%  76%-100%
 invisibility           4   escape       100%  76%-100%

Skills:
 Fighting Skills
   bare handed combat [Unskilled]
   two weapon combat  [Unskilled]
   riding             [Basic]
 Weapon Skills
   dagger             [Unskilled]
   knife              [Unskilled]
   axe                [Unskilled]
   pick-axe           [Unskilled]
   short sword        [Unskilled]
   broadsword         [Unskilled]
   long sword         [Expert]
   two-handed sword   [Unskilled]
   saber              [Unskilled]
   club               [Unskilled]
   mace               [Unskilled]
   morning star       [Unskilled]
   flail              [Unskilled]
   hammer             [Unskilled]
   polearms           [Unskilled]
   spear              [Unskilled]
   trident            [Unskilled]
   lance              [Basic]
   bow                [Unskilled]
   crossbow           [Unskilled]
 Spellcasting Skills
   attack spells      [Unskilled]
   healing spells     [Unskilled]
   clerical spells    [Unskilled]

Voluntary challenges:
 Character rerolling was not enabled.
 You never genocided any monsters.
 You never polymorphed an object.
 You never changed form.
 You used no wishes.
 You did not violate any of the special Sokoban rules.
Achievements:
 You entered a shop.
 You attained the rank of Esquire.
 You entered Sokoban.
 You attained the rank of Bachelor.
 You attained the rank of Sergeant.
 You completed Sokoban.
 You entered the Gnomish Mines.
 You entered Minetown.
 You entered a temple.

 The Dungeons of Doom: levels 1 to 7
    Level 1:
       A fountain.
    Level 2:
    Level 3:
       A wand shop, a fountain.
       Stairs down to The Gnomish Mines.
    Level 4:
       An altar to Lugh, a fountain, a grave.
    Level 5:
       A fountain.
    Level 6:
       Many fountains.
       Oracle of Delphi.
    Level 7:
       A grave.
       Stairs up to Sokoban, level 6.
 The Gnomish Mines: levels 4 to 9
    Level 4:
    Level 5:
    Level 6:
       Many shops, a temple and an altar, some fountains, some trees.
    Level 7:
    Level 8:
    Level 9: <- You were here.
       Final resting place for
          you, killed by an invisible arch-lich.
 Sokoban: levels 6 up to 3
    Level 3:
       Solved.
    Level 4:
       Solved.
    Level 5:
       Solved.
    Level 6:
       Solved.


Vanquished creatures:
  3 giant mimics
  a wumpus
  a small mimic
  a glass piercer
  a warhorse
  2 xans
  2 ogre leaders
  a quantum mechanic
  3 trolls
  a pyrolisk
  a large dog
  a flaming sphere
  a large cat
 an ochre jelly
  a human mummy
  a wraith
  6 Grey-elves
  a watchman
  2 chameleons
  2 giant beetles
  a quivering blob
  a cockatrice
  a wolf
  a panther
  a gremlin
 an orc-captain
  2 iron piercers
  a gnome ruler
 an orc mummy
 an owlbear
  4 yetis
  7 Green-elves
  a dog
  a jaguar
  2 dwarf leaders
  a white unicorn
  a gray unicorn
  a black unicorn
  a plains centaur
  a snake
  2 apes
  a human zombie
  a rope golem
  5 soldier ants
  a bugbear
 an imp
  a wood nymph
  a water nymph
  6 Mordor orcs
 an Uruk-hai
  4 rock piercers
  2 ponies
  3 yellow lights
  2 shriekers
  2 violet fungi
 10 gnome leaders
  a gnomish wizard
  3 gray oozes
  a barrow wight
  5 elf zombies
  a ghoul
  a straw golem
  2 paper golems
  a giant ant
  3 little dogs
  5 floating eyes
  a kitten
 12 dwarves
  a homunculus
  4 rothes
  2 werejackals
  4 iguanas
  3 coyotes
  2 gas spores
  3 hobbits
  2 manes
  a hobgoblin
  5 cave spiders
  a yellow mold
  3 green molds
  2 red molds
 44 gnomes
  3 garter snakes
  7 geckos
  4 jackals
  3 foxes
  2 kobolds
  5 goblins
  2 sewer rats
 14 grid bugs
  a bat
  5 lichens
  4 newts
270 creatures vanquished.

No species were genocided or became extinct.

Game over:
                       ----------
                      /          \
                     /    REST    \
                    /      IN      \
                   /     PEACE      \
                  /                  \
                  |      Booker      |
                  |       0 Au       |
                  |   killed by an   |
                  |    invisible     |
                  |    arch-lich     |
                  |                  |
                  |       2026       |
                 *|     *  *  *      | *
        _________)/\\_//(\/(/\)/\//\/|_)_______

Fare thee well Booker the Knight...

You died in The Gnomish Mines on dungeon level 9 with 16544 points,
and 0 pieces of gold, after 8918 moves.
You were level 10 with a maximum of 73 hit points when you died.

